 Dungeon Crawl Stone Soup version 0.23.2-1-ga50397a (webtiles) character file.

Game seed: 13482466625042275685

58 xveg the Sneak (level 3, -4/35 HPs)
             Began as a Troll Assassin on May 9, 2019.
             Slain by a worm (6 damage)
             ... on level 2 of the Dungeon.
             The game lasted 00:01:53 (994 turns).

xveg the Sneak (Troll Assassin)                      Turns: 994, Time: 00:01:53

Health: -4/35      AC:  7    Str: 19    XL:     3   Next: 75%
Magic:  2/2        EV:  9    Int:  7    God:
Gold:   44         SH:  0    Dex: 12    Spells: 2/2 levels left

rFire    . . .     SeeInvis .     - Unarmed
rCold    . . .     Gourm    +   (no shield)
rNeg     . . .     Faith    .   c - +0 robe
rPois    .         Spirit   .   (helmet restricted)
rElec    .         Reflect  .   d - +0 cloak
rCorr    .         Harm     .   (gloves unavailable)
MR       .....                  (boots unavailable)
Stlth    ++........             (no amulet)
HPRegen  0.51/turn              (no ring)
MPRegen  0.08/turn              (no ring)

@: no status effects
A: large, unfitting armour, claws 3, fast metabolism 3, gourmand, regeneration
1, shaggy fur 1, tough skin 3
a: no special abilities


You were on level 2 of the Dungeon.
You were full.

You visited 1 branch of the dungeon, and saw 2 of its levels.

You collected 44 gold pieces.

Inventory:

Hand Weapons
 a - a +2 dagger
 b - a +0 blowgun
Missiles
 e - 8 poisoned needles
 f - 9 curare-tipped needles
Armour
 c - a +0 robe (worn)
 d - a +0 cloak (worn)
 m - a +0 ring mail
Scrolls
 i - 3 scrolls of remove curse {unknown}
 l - 2 scrolls of fear {unknown}
 n - a scroll of random uselessness {unknown}
 q - a scroll of identify {unknown}
Potions
 h - a potion of degeneration {unknown}
 j - a potion of haste {unknown}
 k - a potion of agility {unknown}
 o - a potion of flight {unknown}
 p - a potion of curing {unknown}
 r - a potion of lignification {unknown}


   Skills:
 + Level 1.7 Fighting
 + Level 1.6 Short Blades
 + Level 1.8 Throwing
 + Level 1.0 Dodging
 + Level 2.8 Stealth
 + Level 1.1 Unarmed Combat


You had 2 spell levels left.
You didn't know any spells.
Your spell library was empty.

Dungeon Overview and Level Annotations

Branches:
Dungeon (2/15)

Altars:
Elyvilon


Innate Abilities, Weirdness & Mutations

You are too large for most types of armour.
You have claws for hands.
Your metabolism is lightning-fast.
You like to eat raw meat.
Your natural rate of healing is unusually fast.
You are covered in fur. (AC +1)
You have extremely tough skin. (AC +3)


Message History

The worm bites you!
You are too injured to fight recklessly!
You are too injured to fight recklessly!
You are too injured to fight recklessly!
You are too injured to fight recklessly!
You are too injured to fight recklessly!
You are too injured to fight recklessly!
You are too injured to fight recklessly!
You scratch the worm.
The worm is severely wounded.
You completely miss the worm.
The worm is severely wounded.
The worm bites you!
* * * LOW HITPOINT WARNING * * *
The worm bites you.
* * * LOW HITPOINT WARNING * * *
You barely miss the worm.
The worm is heavily wounded.
The worm bites you.
You die...

#.########.####
#.# #..... #.#
#####. #.# #.
#.### #.
#####...# #.
..####.# #. #w#
#.#### #. #@#
#.##.## ## #.#
#.#.#.#######
#######.#
#..#..>......
#.......#
#.#...#######
#.#####.#
#.##.## #.#
#.##.# #.#
#.##.# #.#
#..#.###
#.#####.#
##.....#


You could see a worm.

Vanquished Creatures
  2 adders (D:2)
  4 dart slugs
  2 leopard geckos (D:1)
  A ball python (D:2)
  3 bats
  A giant cockroach (D:2)
  3 hobgoblins
  4 kobolds
  2 frilled lizards (D:2)
  5 goblins
  4 rats (D:1)
31 creatures vanquished.

Notes
Turn   | Place    | Note
-------+----------+-------------------------------------------
     0 | D:1      | xveg the Troll Assassin began the quest for the Orb.
     0 | D:1      | Reached XP level 1. HP: 19/19 MP: 0/0
   111 | D:1      | Reached XP level 2. HP: 27/28 MP: 1/1
   494 | D:2      | Found a white marble altar of Elyvilon.
   529 | D:2      | Reached XP level 3. HP: 35/35 MP: 2/2
   729 | D:2      | Reached skill level 1 in Unarmed Combat
   791 | D:2      | Reached skill level 1 in Dodging
   993 | D:2      | HP: 1/35 [worm (6)]
   994 | D:2      | Slain by a worm

Skill      XL: |  1  2  3 |
---------------+----------+-----
Unarmed Combat | 1 |  1.1
Dodging        | 1 |  1.0
Fighting       | |  1.7
Short Blades   | |  1.6
Throwing       | |  1.8
Stealth        | |  2.8

Action                   || total
-------------------------++-------
Melee: Unarmed           ||   124
       Dagger            ||     8
 Stab: Sleeping          ||     3
  Eat: Chunk             ||     4
       Ration            ||     2
Armor: Robe              ||    62
Dodge: Dodged            ||    47
